 Dungeon Crawl Stone Soup version 0.22-a0-252-gcace5d2 (webtiles) character file.

72 sankara the Chopper (level 4, -1/39 HPs)
             Began as a Hill Orc Fighter on Mar 1, 2018.
             Slain by an orc warrior
             ... wielding a +0 battleaxe
              (16 damage)
             ... on level 2 of the Dungeon.
             The game lasted 00:05:18 (1781 turns).

sankara the Chopper (Hill Orc Fighter)              Turns: 1781, Time: 00:05:19

Health: -1/39      AC: 10    Str: 23    XL:     4   Next: 25%
Magic:  4/4        EV:  7    Int: 12    God:
Gold:   80         SH: 11    Dex: 10    Spells: 3/3 levels left

rFire    . . .     SeeInvis .   a - +0 war axe
rCold    . . .     Gourm    .   c - +0 shield
rNeg     . . .     Faith    .   b - +0 scale mail
rPois    .         Spirit   .   (no helmet)
rElec    .         Reflect  +   (no cloak)
rCorr    .         Harm     .   (no gloves)
MR       .....                  s - +2 pair of boots
Stlth    ..........             l - +2 amulet of reflection
HPRegen  0.13/turn              m - +3 ring of intelligence (curse)
MPRegen  0.09/turn              (no ring)

@: mighty, flying
A: no striking features
a: no special abilities


You were on level 2 of the Dungeon.
You were not hungry.

You visited 1 branch of the dungeon, and saw 3 of its levels.

You collected 80 gold pieces.

Inventory:

Hand Weapons
 a - a +0 war axe (weapon)
 e - a +2 dagger of draining
   (You took it off a goblin on level 1 of the Dungeon)
Missiles
 k - 117 stones (quivered)
Armour
 b - a +0 scale mail (worn)
 c - a +0 shield (worn)
 s - a +2 pair of boots (worn)
   (You found it on level 2 of the Dungeon)
Jewellery
 l - a +2 amulet of reflection (around neck)
   (You found it on level 1 of the Dungeon)
 m - a cursed +3 ring of intelligence (left hand)
   (You found it on level 1 of the Dungeon)
Scrolls
 g - a scroll of teleportation {unknown}
 h - a scroll of magic mapping {unknown}
 i - 3 scrolls of identify {unknown}
 p - a scroll of fear {unknown}
 q - a scroll of remove curse {unknown}
 r - a scroll of noise {unknown}
Comestibles
 f - 6 rations


   Skills:
 - Level 3.6 Fighting
 + Level 5.8 Axes
 - Level 3.2 Armour
 - Level 3.2 Shields


You had 3 spell levels left.
You didn't know any spells.

Dungeon Overview and Level Annotations

Branches:
Dungeon (3/15)

Altars:
Gozag


Message History

The bat closely misses you.
An orc comes into view. It is wielding a hand axe.
You barely miss the bat. You block the bat's attack.
An orc and an orc warrior come into view.
The orc warrior shouts!
You hit the quokka.
The quokka is severely wounded.
You hear a shout!
You block the bat's attack. The quokka bites you.
The quokka closely misses you.
You slash the quokka!
You kill the quokka!
You barely miss the bat. The bat hits you but does no damage.
An orc priest comes into view. It is wielding a club.
The orc priest shouts, "Join the one true god or die!" (press Y on the ability menu to convert to Beogh)
The orc priest shouts!
The bat hits you but does no damage. The bat hits you but does no damage.
You block the bat's attack. The bat hits you but does no damage.
The bat hits you but does no damage. The bat barely misses you.
The bat barely misses you. The bat hits you but does no damage. x2
You barely miss the bat. The bat hits you. You block the bat's attack.
You miss the bat. You block the bat's attack. The bat barely misses you.
An orc wizard comes into view. It is wielding a dagger.
You miss the bat.
The orc wizard shouts!
The orc priest shouts, "Surrender to Beogh and we'll let you live!"
You block the bat's attack. The bat hits you but does no damage.
You barely miss the bat. You block the bat's attack.
Your shield and scale mail prevent you from hitting the bat.
The bat hits you but does no damage. x2
A bat and an orc wizard come into view.
You miss the bat. You block the bat's attack.
The orc wizard gestures wildly while chanting.
The orc wizard flickers and vanishes!
Deactivating autopickup; reactivate with Ctrl-A.
You barely miss the bat. The bat hits you but does no damage.
You block the bat's attack.
You hit the bat.
You kill the bat!
An orc wizard comes into view. It is wielding a dagger.
You hit the orc.
The orc is heavily wounded.
Your shield and scale mail prevent you from hitting the orc warrior.
You block the orc warrior's attack.
You hit the orc warrior but do no damage.
You block the orc warrior's attack.
You hit the orc warrior.
The orc warrior is lightly wounded.
You closely miss the orc warrior.
The orc warrior is lightly wounded.
The orc warrior hits you with a battleaxe.
The orc priest calls down the wrath of Beogh upon you.
Beogh smites you!
The orc wizard mumbles some strange words.
The orc wizard blinks!
You are too injured to fight recklessly!
You block the bat's attack. The bat barely misses you.
The bat barely misses you. You block the bat's attack.
The bat hits you but does no damage.
The orc priest looks satisfied for a moment.
You block the bat's attack. You block the bat's attack.
You slash the bat!
You kill the bat!
You hit the orc warrior. You block the orc warrior's attack.
The orc priest calls upon Beogh to heal the orc warrior.
The orc warrior's wounds heal themselves!
You see here a bat corpse.
The orc curses loudly.
The orc priest calls down the wrath of Beogh upon you.
Beogh smites you!
The orc wizard casts a spell.
The orc wizard seems to speed up.
There is a stone staircase leading up here.
The orc warrior hits you with a battleaxe.
* * * LOW HITPOINT WARNING * * *
You climb upwards.
There is a stone staircase leading down here.
It was a potion of heal wounds.
You feel much better.
The orc warrior hits you with a battleaxe!
It was a potion of flight.
You feel very buoyant.
You fly up into the air.
You hit the orc warrior.
The orc warrior is moderately wounded.
You block the orc warrior's attack.
You hit the orc warrior but do no damage.
The orc warrior is moderately wounded.
You block the orc warrior's attack.
You closely miss the orc warrior.
The orc warrior is moderately wounded.
The orc warrior hits you with a battleaxe!
You feel very mighty all of a sudden.
The orc warrior hits you with a battleaxe!
You die...

.# ##.#### ####.##### .# #.....#
#.# '## #.....# #.### # ..##
#.....### #...# ## ...##
###.......# ###.# ##. ....##
#.........# ##.#.# ##..
.....####...#.##..#####....###...
.....'.......................'...
.....####...#.##@o#####....###...
....## #.........# ##.#.# ##..
...## #.###.##.## ###.# ##. ..##
#.###.##.# #.# ## '## #........#
#.# # .############..### #.#
.#..............# ####.#
.#.############.# #....# # ...#
#.# #.#########


You could see an orc warrior.

Vanquished Creatures
  An adder (D:2)
  An ooze (D:3)
  A worm (D:2)
  3 dart slugs
  4 leopard geckos
  8 bats
  6 goblins
  5 hobgoblins
  6 kobolds (D:1)
  A quokka (D:3)
  4 frilled lizards
  4 rats
44 creatures vanquished.

Notes
Turn   | Place    | Note
-------+----------+-------------------------------------------
     0 | D:1      | sankara the Hill Orc Fighter began the quest for the Orb.
     0 | D:1      | Reached XP level 1. HP: 19/19 MP: 1/1
    31 | D:1      | Reached skill level 3 in Axes
    96 | D:1      | Reached XP level 2. HP: 20/26 MP: 2/2
   203 | D:1      | Reached skill level 4 in Axes
   344 | D:1      | Reached XP level 3. HP: 23/31 MP: 3/3
   803 | D:2      | Reached skill level 5 in Axes
   927 | D:2      | Found an opulent altar of Gozag.
  1196 | D:2      | Reached XP level 4. HP: 30/39 MP: 4/4
  1734 | D:3      | Noticed an orc warrior
  1781 | D:2      | Slain by an orc warrior

Vault maps used:
D:1:      onia_arrival_mini_spirals
D:2:      overflow_temple_1_default, first_ration
D:3:      uniq_natasha

Skill      XL: |  1  2  3 |
---------------+----------+-----
Axes           | 3 4 5 |  5.8
Fighting       | |  3.6
Armour         | |  3.2
Shields        | |  3.2

Action                   |  1- 3 |  4- 6 || total
-------------------------+-------+-------++-------
Melee: War axe           |   108 |    30 ||   138
  Use: Potion            |       |     3 ||     3
  Eat: Chunk             |     1 |     2 ||     3
Armor: Scale mail        |    33 |    15 ||    48
Dodge: Dodged            |    25 |    12 ||    37
Block: Shield            |    54 |    22 ||    76
       Reflection        |     2 |       ||     2

Table legend:
 A = Spawn XP
 B = Non-spawn XP
 C = Spawn XP percentage of total XP
 D = Spawn monster count
 E = Non-spawn monster count
 F = Spawn count percentage of total count
 G = Total turns spent on level
                    A         B        C        D         E        F      G
               +---------+---------+-------+---------+---------+-------+---------
         Total |       0 |     103 |   0.0 |       0 |      44 |   0.0 |  1781
               +---------+---------+-------+---------+---------+-------+---------
           D:1 |       0 |      49 |   0.0 |       0 |      26 |   0.0 |   728
           D:2 |       0 |      36 |   0.0 |       0 |      11 |   0.0 |   905
           D:3 |       0 |      18 |   0.0 |       0 |       7 |   0.0 |   148
               +---------+---------+-------+---------+---------+-------+---------

Vault maps used:
D:1:      onia_arrival_mini_spirals
D:2:      overflow_temple_1_default, first_ration
D:3:      uniq_natasha

Table legend:
 A = Turns spent in this place as a percentage of turns spent in the entire game.
 B = Non-inter-level travel turns spent in this place as a percentage of non-inter-level travel turns spent in the entire game.
 C = Inter-level travel turns spent in this place as a percentage of turns spent in this place.
 D = Turns resting spent in this place as a percentage of non-inter-level travel turns spent in this place.
 E = Turns spent auto-exploring this place as a percentage of non-inter-level travel turns spent in this place.
 F = Non-inter-level travel turns spent in this place divided by the number of levels of this place that you've seen.
                   A       B       C       D       E      F
               +-------+-------+-------+-------+-------+----------------------
         Total | 100.0 | 100.0 |   2.1 |  19.4 |  60.0 | 581.0
       Dungeon | 100.0 | 100.0 |   2.1 |  19.4 |  60.0 | 581.0
               +-------+-------+-------+-------+-------+----------------------

Table legend:
 A = Kills in this place as a percentage of kills in entire the game.
 B = Kills by you in this place as a percentage of kills by you in the entire game.
 C = Kills by friends in this place as a percentage of kills by friends in the entire game.
 D = Other kills in this place as a percentage of other kills in the entire game.
 E = Experience gained in this place as a percentage of experience gained in the entire game.
 F = Experience gained in this place divided by the number of levels of this place that you have seen.
                   A       B       C       D       E      F
               +-------+-------+-------+-------+-------+----------------------
         Total | 100.0 | 100.0 |   N/A |   N/A | 100.0 |  34.3
       Dungeon | 100.0 | 100.0 |   N/A |   N/A | 100.0 |  34.3
               +-------+-------+-------+-------+-------+----------------------
